cohdb
Replays
Latest Replays
All Replays
Popular Replays
Top Player Replays
Match Explorer
How It Works
Community
CoH3 Stats
Reddit
Sign in to upload your games and track your stats! →
Sign in with Steam
Match 41166814
Unlisted
Match 41166814
Overview
Messages
Build Orders
End
Construct Section Command Post
Vickers Machine Gun Team
Selects Canadian Shock Battlegroup
Dingo Light Scout Car
Vickers Machine Gun Team
Infantry Section
Construct Platoon Command Post
Selects Attacking Spirit
Selects Canadian Shock Section
Canadian Shock Section
Royal Engineer Section
Selects Incendiary Munitions
Infantry Training
็็็็็็็็็็
瓦拉克
追坦克的喵
BamboneWertherone ITA
Ranger
Capibimbambombolilalone ITA
0
0
Comments
sign in to comment!
No comments posted yet!